 Dungeon Crawl Stone Soup version 0.29.1-2-gbd0b4ee654 (webtiles) character file.

Game seed: 4735955939483745056

77 Sabo the Trooper (level 4, -2/29 HPs)
             Began as a Gargoyle Fighter on Nov 6, 2022.
             Slain by an orc priest
             ... wielding a +0 short sword
              (5 damage)
             ... on level 3 of the Dungeon.
             The game lasted 00:08:48 (2330 turns).

Sabo the Trooper (Gargoyle Fighter)                 Turns: 2330, Time: 00:08:50

Health: -2/29      AC: 12    Str: 21    XL:     4   Next: 34%
Magic:  4/4        EV:  7    Int:  9    God:
Gold:   126        SH:  4    Dex:  9    Spells: 3/3 levels left

rFire   . . .      SeeInvis .   a - +0 war axe
rCold   + . .      Faith    .   c - +0 buckler
rNeg    + . .      Spirit   .   i - +0 chain mail
rPois   ∞          Reflect  .   (no helmet)
rElec   +          Harm     .   (no cloak)
rCorr   .          Rampage  .   (no gloves)
Will    .....                   (no boots)
Stlth   ..........              (no amulet)
HPRegen 0.09/turn               o - ring of protection from cold
MPRegen 0.09/turn               (no ring)

@: mighty
A: sickness immunity, AC +3, negative energy resistance 1, electricity
resistance, torment resistance 1, petrification resistance
a: no special abilities


You were on level 3 of the Dungeon.
You visited 1 branch of the dungeon, and saw 3 of its levels.

You collected 126 gold pieces.

Inventory:

Hand Weapons
 a - a +0 war axe (weapon)
Missiles
 n - 3 javelins (quivered)
Armour
 c - a +0 buckler (worn)
 i - a +0 chain mail (worn)
Jewellery
 o - a ring of protection from cold (left hand)
Scrolls
 b - a scroll of identify {unknown}
 k - a scroll of teleportation
 m - a scroll of noise {unknown}
 p - a scroll of silence {unknown}
Potions
 e - 3 potions of curing {unknown}
 f - a potion of mutation {unknown}
 g - 2 potions of heal wounds {unknown}
 h - a potion of haste {unknown}
 j - 2 potions of resistance {unknown}
 l - a potion of brilliance {unknown}


   Skills:
 + Level 3.7 Fighting
 + Level 3.2 Axes
 + Level 3.7 Armour
 + Level 0.1 Dodging
 + Level 0.2 Stealth
 + Level 3.4 Shields


You had 3 spell levels left.
You didn't know any spells.
Your spell library was empty.

Dungeon Overview and Level Annotations

Branches:
Dungeon (3/15)

Altars:


Innate Abilities, Weirdness & Mutations

You are immune to sickness and miasma.
Your stone body is resilient. (AC +3)
You are immune to poison.
You resist negative energy. (rN+)
You are resistant to electric shocks. (rElec)
You are resistant to unholy torment.
You are immune to petrification.


Message History

The steam dragon bites you but does no damage.
The steam dragon barely misses you. The orc hits you but does no damage.
The orc priest begins to cast a cantrip, but forgets the words!
You closely miss the steam dragon. You closely miss the orc priest.
You hit the orc. You block the steam dragon's attack.
The steam dragon claws you but does no damage.
The orc hits you but does no damage.
The orc priest calls down the wrath of Beogh upon you.
You are unaffected.
You slash the steam dragon!
The steam dragon is heavily wounded.
You closely miss the orc. You miss something. You barely miss the orc priest.
Something hits you but does no damage.
The orc priest hits you but does no damage.
The steam dragon bites you.
* * * LOW HITPOINT WARNING * * *
The steam dragon claws you.
* * * LOW HITPOINT WARNING * * *
The orc hits you but does no damage. Something hits you but does no damage.
The orc priest hits you but does no damage.
The steam dragon bites you.
* * * LOW HITPOINT WARNING * * *
The steam dragon claws you but does no damage.
You block the orc's attack.
You closely miss the steam dragon.
The steam dragon is heavily wounded.
You slash the orc!
You kill the orc!
You closely miss something. You closely miss the orc priest.
The steam dragon barely misses you.
The steam dragon claws you but does no damage.
You block the orc priest's attack. Something hits you.
* * * LOW HITPOINT WARNING * * *
You closely miss the steam dragon.
The steam dragon is heavily wounded.
You slash the orc priest! You miss something. You block something's attack.
The steam dragon bites you but does no damage.
The steam dragon claws you but does no damage.
The orc priest hits you with a +0 short sword.
You die...

#####################
#...................#
#.#################.# #.#
..# #.# #.# #.# #.# #.# #.#
#.# #.#
###########.###.#######
#.#...........).D.........#
#<........?...{@...........
#.#..####.....o#..........#
...............#..........#
.###.>......................
. ..#.#.......####.#######
.#.#....... ..# .# #^......
..# # .###### ...


You could see a steam dragon and an orc priest.

Vanquished Creatures
  2 adders (D:2)
  2 dart slugs (D:1)
  2 orcs (D:3)
  4 endoplasms (D:1)
  2 giant cockroaches (D:1)
  2 goblins (D:1)
  9 hobgoblins
  4 jackals (D:1)
  3 ball pythons
  8 bats
  4 frilled lizards
  3 kobolds (D:1)
  5 rats
50 creatures vanquished.

Notes
Turn   | Place    | Note
-------+----------+-------------------------------------------
     0 | D:1      | Sabo the Gargoyle Fighter began the quest for the Orb.
     0 | D:1      | Reached XP level 1. HP: 14/14 MP: 1/1
   412 | D:1      | Reached XP level 2. HP: 18/19 MP: 2/2
   767 | D:1      | Reached XP level 3. HP: 23/23 MP: 3/3
  1444 | D:2      | Reached XP level 4. HP: 29/29 MP: 4/4
  2321 | D:3      | Noticed a steam dragon
  2330 | D:3      | Slain by an orc priest

Illustrated notes

Levels and vault maps discovered:
D:1:      scummos_arrival_star, layout_basic, st_stairs_6,
          hangedman_feature_mirror, nrook_mini_vaults
D:2:      kennysheep_big_flooded_room, layout_loops_ring
D:3:      layout_basic, hellmonk_ecumenical_altar_leap_of_faith,
          wander_ebering_terrifying_dragon_lair

Skill      XL: |  1  2  3 |
---------------+----------+-----
Axes           | 2 3 |  3.2
Fighting       | |  3.7
Armour         | |  3.7
Dodging        | |  0.1
Stealth        | |  0.2
Shields        | |  3.4

Action                   |  1- 3 |  4- 6 || total
-------------------------+-------+-------++-------
Melee: War axe           |    80 |    39 ||   119
  Use: Scroll            |       |     1 ||     1
       Potion            |       |     1 ||     1
Armor: Scale mail        |    40 |       ||    40
       Chain mail        |    23 |    53 ||    76
Dodge: Dodged            |    41 |    22 ||    63
Block: Buckler           |    18 |    13 ||    31
